 Dungeon Crawl Stone Soup version 0.25.0-9-g26727b657a (webtiles) character file.

Game seed: 292849881870735341

170 lepoulpe303 the Slasher (level 5, -5/46 HPs)
             Began as a Draconian Berserker on June 16, 2020.
             Was a Believer of Qazlal.
             Slain by a polar bear (23 damage)
             ... created by the rage of Trog
             ... on level 3 of the Dungeon.
             The game lasted 00:09:50 (2958 turns).

lepoulpe303 the Slasher (Draconian Berserker)       Turns: 2958, Time: 00:09:50

Health: -5/46      AC:  5    Str: 19 (21) XL:     5   Next: 25%
Magic:  6/6        EV: 13    Int:  7      God:    Qazlal [**....]
Gold:   124        SH:  2    Dex: 10      Spells: 4/4 levels left

rFire    . . .     SeeInvis .   a - +0 falchion
rCold    . . .     Gourm    .   (no shield)
rNeg     . . .     Faith    .   (armour unavailable)
rPois    .         Spirit   .   (helmet restricted)
rElec    .         Reflect  .   (no cloak)
rCorr    .         Harm     .   (no gloves)
MR       .....                  (no boots)
Stlth    +.........             (no amulet)
HPRegen  0.15/turn              (no ring)
MPRegen  0.10/turn              (no ring)

@: no status effects
A: unfitting armour, cold-blooded, AC +5
a: Upheaval, Renounce Religion


You were on level 3 of the Dungeon.
You worshipped Qazlal.
Qazlal was pleased with you.
You were not hungry.

You visited 1 branch of the dungeon, and saw 3 of its levels.

You collected 124 gold pieces.

Inventory:

Hand Weapons
 a - a +0 falchion (weapon)
Missiles
 f - 20 poisoned darts (quivered)
 o - 8 atropa-tipped darts
Wands
 c - a wand of iceblast (7)
Scrolls
 d - a scroll of enchant weapon {unknown}
 g - 2 scrolls of amnesia {unknown}
 i - 2 scrolls of immolation {unknown}
 k - a scroll of enchant armour {unknown}
 l - 2 scrolls of identify {unknown}
 m - 2 scrolls of blinking {unknown}
 n - 2 scrolls of fog {unknown}
 u - a scroll of teleportation {unknown}
 v - a scroll of noise {unknown}
 w - 2 scrolls of remove curse
Potions
 b - a potion of haste {unknown}
 h - a potion of heal wounds {unknown}
 p - a potion of degeneration {unknown}
 q - a potion of curing
 s - a potion of invisibility {unknown}
 t - 2 potions of berserk rage {unknown}
Comestibles
 e - 3 rations
 r - 7 chunks of flesh


   Skills:
 + Level 4.2 Fighting
 * Level 4.5 Long Blades
 + Level 3.4 Dodging
 * Level 1.7 Invocations


You had 4 spell levels left.
You didn't know any spells.
Your spell library was empty.

Dungeon Overview and Level Annotations

Branches:
Dungeon (3/15)

Altars:
Okawaru
Qazlal
Sif Muna
Zin


Innate Abilities, Weirdness & Mutations

Your plain brown scales are hard. (AC +5)
You cannot fit into any form of body armour.
You are cold-blooded and may be slowed by cold attacks.


Message History

r - 7 chunks of flesh (gained 2)
You now have 124 gold pieces (gained 10).
v - a scroll labeled QEALOBEBEG You regained 4 hp, and now have 39/46 hp.
Trog sends monsters to punish you. 3 polar bears and 2 black bears come into view.
You hit the black bear. You slash the black bear! The polar bear bites you!
* * * LOW HITPOINT WARNING * * *
You block the polar bear's attack. The polar bear claws you.
* * * LOW HITPOINT WARNING * * *
The polar bear rages.
You take 22 damage, and have 17/46 hp.
MASSIVE DAMAGE!!
As you read the scroll labeled VENYAR LIT ZYC, it crumbles to dust.
You feel blessed for a moment.
It was a scroll of remove curse.
w - 2 scrolls of remove curse The polar bear bites you!!
Ouch! That really hurt!
You die...

...♣.
....♣
###
..._♣
#.#
....♣
####.#
...♣♣
#..hh#
....#
#.##h#
....#
##.##@#
...###
##..##h#
.#...##
#..###h#
......##
#.## #.#
.......#
#.# #.#
.......#
#.# #.#
÷......#
#.# #.#
......##
#.# #.#
÷#...##
#.#


You could see 3 polar bears and 2 black bears.

Levels and vault maps discovered:
D:1:      dpeg_arrival_round_a, layout_loops_ring, minmay_pentomino_q2
D:2:      layout_rooms, okawaru_ov_weapons_minmay,
          chequers_ecumenical_altar_lobes, wad_woods_river_04, uniq_robin
D:3:      layout_rooms, zin_academy, tgw_sif, serial_forest,
          infiniplex_forest_end_2, infiniplex_forest_clump_small,
          infiniplex_forest_lined_room_, infiniplex_forest_lined_1,
          infiniplex_forest_lined_3, infiniplex_forest_corner_1,
          infiniplex_forest_clump_curved

Notes
Turn   | Place    | Note
-------+----------+-------------------------------------------
     0 | D:1      | lepoulpe303 the Draconian Berserker began the quest for the
                  | Orb.
     0 | D:1      | Reached XP level 1. HP: 19/19 MP: 1/1
   273 | D:1      | Identified a +0 short sword of holy wrath
   274 | D:1      | Identified a +0 club
   291 | D:1      | Reached XP level 2. HP: 25/26 MP: 2/2
   389 | D:1      | Identified a +0 club
   539 | D:1      | Reached skill level 3 in Dodging
   686 | D:1      | Identified a cursed +0 club
   888 | D:1      | Reached XP level 3. HP: 29/31 MP: 3/3
  1049 | D:2      | Identified a +0 club
  1140 | D:2      | Identified a +0 club
  1140 | D:2      | Identified a +0 dagger
  1143 | D:2      | Identified a +0 spear
  1143 | D:2      | Identified a +0 animal skin
  1143 | D:2      | Identified a +0 helmet
  1143 | D:2      | Noticed Robin
  1143 | D:2      | Identified a +0 dagger
  1143 | D:2      | Identified a +0 dagger
  1143 | D:2      | Identified a +0 club
  1143 | D:2      | Identified a +0 club
  1143 | D:2      | Identified a +0 dagger
  1143 | D:2      | Identified a +0 dagger
  1143 | D:2      | Identified a +0 dagger
  1143 | D:2      | Identified a +0 club
  1143 | D:2      | Identified a +0 club
  1149 | D:2      | Identified a +0 club
  1150 | D:2      | Reached ** piety under Trog
  1155 | D:2      | Reached skill level 4 in Long Blades
  1174 | D:2      | HP: 8/33 [goblin/+0 dagger[Robin] (2)]
  1184 | D:2      | HP: 8/33 [goblin[Robin] (1)]
  1510 | D:2      | Reached XP level 4. HP: 39/40 MP: 4/4
  1610 | D:2      | Identified a +0 whip
  1614 | D:2      | Reached skill level 4 in Fighting
  1629 | D:2      | Found a faded altar of an unknown god.
  1730 | D:2      | Fell from the grace of Trog
  1730 | D:2      | Became a worshipper of Qazlal Stormbringer
  1730 | D:2      | Reached * piety under Qazlal
  1788 | D:2      | Found an iron altar of Okawaru.
  1792 | D:2      | Identified a +0 club
  1796 | D:2      | Identified a +0 club
  1801 | D:2      | Identified a +0 falchion
  1868 | D:2      | Killed Robin
  1884 | D:2      | Identified a cursed -2 dagger
  2541 | D:3      | Identified a +0 dagger
  2619 | D:3      | Identified a +0 club
  2629 | D:3      | Reached skill level 1 in Invocations
  2630 | D:3      | Identified 2 potions of curing
  2663 | D:3      | Identified a +0 dagger
  2663 | D:3      | Identified a +0 robe
  2680 | D:3      | Reached XP level 5. HP: 36/46 MP: 4/6
  2688 | D:3      | Found a shimmering blue altar of Sif Muna.
  2785 | D:3      | Identified a cursed -1 short sword
  2822 | D:3      | Found a glowing silver altar of Zin.
  2876 | D:3      | Identified a +0 club
  2883 | D:3      | Identified a +0 mace
  2883 | D:3      | Identified a +0 ring mail
  2903 | D:3      | Reached ** piety under Qazlal
  2956 | D:3      | Noticed a black bear
  2956 | D:3      | Noticed a polar bear
  2956 | D:3      | Noticed a polar bear
  2956 | D:3      | Noticed a black bear
  2956 | D:3      | Noticed a polar bear
  2958 | D:3      | Identified 3 scrolls of remove curse
  2958 | D:3      | Slain by a polar bear

Table legend:
 A = Turns spent in this place as a percentage of turns spent in the entire game.
 B = Non-inter-level travel turns spent in this place as a percentage of non-inter-level travel turns spent in the entire game.
 C = Inter-level travel turns spent in this place as a percentage of turns spent in this place.
 D = Turns resting spent in this place as a percentage of non-inter-level travel turns spent in this place.
 E = Turns spent auto-exploring this place as a percentage of non-inter-level travel turns spent in this place.
 F = Non-inter-level travel turns spent in this place divided by the number of levels of this place that you've seen.
                   A       B       C       D       E      F
               +-------+-------+-------+-------+-------+----------------------
         Total | 100.0 | 100.0 |   7.4 |  12.6 |  48.2 | 913.0
       Dungeon | 100.0 | 100.0 |   7.4 |  12.6 |  48.2 | 913.0
               +-------+-------+-------+-------+-------+----------------------

Table legend:
 A = Kills in this place as a percentage of kills in entire the game.
 B = Kills by you in this place as a percentage of kills by you in the entire game.
 C = Kills by friends in this place as a percentage of kills by friends in the entire game.
 D = Other kills in this place as a percentage of other kills in the entire game.
 E = Experience gained in this place as a percentage of experience gained in the entire game.
 F = Experience gained in this place divided by the number of levels of this place that you have seen.
                   A       B       C       D       E      F
               +-------+-------+-------+-------+-------+----------------------
         Total | 100.0 | 100.0 |   N/A |   N/A | 100.0 |  81.0
       Dungeon | 100.0 | 100.0 |   N/A |   N/A | 100.0 |  81.0
               +-------+-------+-------+-------+-------+----------------------

Skill      XL: |  1  2  3  4 |
---------------+-------------+-----
Dodging        | 3 |  3.4
Long Blades    | 4 |  4.5
Fighting       | 4 |  4.2
Invocations    | 1 |  1.7

Action                   |  1- 3 |  4- 6 || total
-------------------------+-------+-------++-------
Melee: Falchion          |   113 |   547 ||   660
       Tailslap          |    13 |   139 ||   152
Throw: Dart              |     3 |    12 ||    15
  Use: Potion            |       |     1 ||     1
       Scroll            |       |     1 ||     1
  Eat: Chunk             |     2 |     3 ||     5
       Ration            |       |     1 ||     1
Armor: Skin              |    37 |    42 ||    79
Dodge: Dodged            |   100 |    73 ||   173
Block: Other             |       |     9 ||     9
       Rpst.: Falchion   |    34 |    23 ||    57

Vanquished Creatures
  An orc wizard (D:3)
  Robin (D:2)
  3 adders
  An ooze (D:1)
  3 worms
  A dart slug (D:3)
  4 leopard geckos
  2 orcs (D:3)
  8 bats
  4 giant cockroaches
  15 goblins
  10 hobgoblins
  4 jackals (D:3)
  7 kobolds
  3 frilled lizards
  9 rats
  12 plants (D:2)
88 creatures vanquished.
